 Dungeon Crawl Stone Soup version 0.21-a0-440-g28109cb (webtiles) character file.

35 sagitran the Grasshopper (level 3, -7/18 HPs)
             Began as a Spriggan Warper on Nov 11, 2017.
             Mangled by a worm (9 damage)
             ... on level 1 of the Dungeon.
             The game lasted 00:05:38 (1274 turns).

sagitran the Grasshopper (Spriggan Warper)          Turns: 1274, Time: 00:05:38

Health: -7/18      AC:  2    Str:  6 (7)  XL:     3   Next: 17%
Magic:  3/8        EV: 19    Int: 16 (19) God:
Gold:   117        SH:  0    Dex: 15 (16) Spells: 5/7 levels left

rFire    . . .     SeeInvis +   a - +0 short sword
rCold    . . .     Gourm    .   (shield restricted)
rNeg     . . .     Faith    .   b - +0 robe
rPois    .         Spirit   .   (helmet restricted)
rElec    .         Reflect  .   (no cloak)
rCorr    .         Harm     .   (gloves unavailable)
MR       .....                  (boots unavailable)
Stlth    ++........             (no amulet)
HPRegen  0.06/turn              (no ring)
MPRegen  0.11/turn              (no ring)

@: brilliant, shrouded, very quick
A: unfitting armour, see invisible, herbivore 3, speed 3, slow metabolism 2
a: no special abilities


You were on level 1 of the Dungeon.
You were not hungry.

You visited 1 branch of the dungeon, and saw 2 of its levels.

You collected 117 gold pieces.

Inventory:

Hand Weapons
 a - a +0 short sword (weapon)
 i - a cursed -3 short sword
Missiles
 e - 4 tomahawks of dispersal (quivered)
Armour
 b - a +0 robe (worn)
Scrolls
 d - a scroll of blinking
 g - a scroll of teleportation {unknown}
Books
 c - a book of Spatial Translocations

   Spells                             Type                      Level
   a - Blink                          Translocation                2
   b - Shroud of Golubria             Charms/Translocation         2
   c - Lesser Beckoning               Translocation                3
   d - Gell's Gravitas                Translocation                3
   e - Teleport Other                 Translocation                3
   f - Passage of Golubria            Translocation                4
Comestibles
 f - 3 bread rations


   Skills:
 + Level 2.2 Fighting
 + Level 2.7 Short Blades
 + Level 1.2 Throwing
 + Level 4.0 Dodging
 + Level 0.5 Stealth
 + Level 2.8 Spellcasting
 + Level 4.5 Translocations


You had 5 spell levels left.
You knew the following spells:

 Your Spells              Type           Power        Failure   Level  Hunger
a - Shroud of Golubria    Chrm/Tloc      ###.......   1%          2    ##.....


Dungeon Overview and Level Annotations

Branches:
Dungeon (2/15)

Altars:


Innate Abilities, Weirdness & Mutations

You are very small and have problems with some larger weapons.
You are too small for most types of armour.
You have supernaturally acute eyesight. (SInv)
You are a herbivore.
You cover ground extremely quickly.
You need consume almost no food.


Message History

The worm is severely wounded.
Your shroud begins to fray at the edges.
The worm misses you.
You hit the worm but do no damage.
The worm is severely wounded.
The worm bites you.
* * * LOW HITPOINT WARNING * * *
It was a potion of brilliance.
You feel clever all of a sudden.
Casting: Shroud of Golubria
Confirm with . or Enter, or press ? or * to list all spells.
You renew your shroud.
Casting: Shroud of Golubria
Confirm with . or Enter, or press ? or * to list all spells.
You renew your shroud.
You hit the worm.
The worm is severely wounded.
The worm bites you!
Ouch! That really hurt!
You die...

#.#PP≈≈≈≈.##.....#...............
#.#≈PP≈≈≈≈.#.....#......#######'#
#.#≈≈≈≈≈≈.≈#.....'...............
#.#PP≈≈≈≈≈.#.....#.......(.......
#.#≈P≈≈≈≈.##.....................
#.#P≈≈≈≈.###.##'#...(............
#.#≈≈≈≈≈.≈##.#...................
#.#≈≈≈≈≈≈.##.#...................
#.#P≈≈≈≈.P##.#..@................
..#≈≈≈≈..###.#..w#####...........
###≈≈≈≈≈P.<#.....#####..#........
##########............#.......#
### #...........#.#..#..#...##
..# #.............#....##...# ..#
#........#.#..#.........## ..#
##########..#.#.............. ..#
#.).........†.#..............


You could see a worm.

Vanquished Creatures
  A dart slug (D:1)
  2 leopard geckos (D:1)
  4 giant cockroaches (D:1)
  4 hobgoblins (D:1)
  4 jackals (D:1)
  A bat (D:1)
  3 frilled lizards (D:1)
  4 goblins
  4 kobolds (D:1)
  2 rats
29 creatures vanquished.

Notes
Turn   | Place    | Note
-------+----------+-------------------------------------------
     0 | D:1      | sagitran the Spriggan Warper began the quest for the Orb.
     0 | D:1      | Reached XP level 1. HP: 10/10 MP: 5/5
    54 | D:1      | You fall through a shaft!
   179 | D:1      | Reached XP level 2. HP: 10/15 MP: 6/6
   363 | D:1      | Learned a level 2 spell: Shroud of Golubria
   985 | D:1      | Reached XP level 3. HP: 13/18 MP: 8/8
  1274 | D:1      | Mangled by a worm

Vault maps used:
D:1:      lightli_arrival_windingriver, minmay_misc_feat_alley,
          minmay_misc_feat_columns
D:2:      gammafunk_temple_overflow_statue, nicolae_overflow_hidden_temple,
          first_bread, uniq_crazy_yiuf_cottage

Skill      XL: |  1  2 |
---------------+-------+-----
Fighting       | 2 |  2.2
Dodging        | 4 |  4.0
Short Blades   | |  2.7
Throwing       | |  1.2
Stealth        | |  0.5
Spellcasting   | |  2.8
Translocations | |  4.5

Action                   || total
-------------------------++-------
Melee: Short sword       ||   154
Throw: Tomahawk          ||     1
 Cast: Shroud of Golubri ||     3
  Use: Potion            ||     3
       Scroll            ||     1
Armor: Robe              ||    13
Dodge: Dodged            ||   146

Table legend:
 A = Spawn XP
 B = Non-spawn XP
 C = Spawn XP percentage of total XP
 D = Spawn monster count
 E = Non-spawn monster count
 F = Spawn count percentage of total count
 G = Total turns spent on level
                    A         B        C        D         E        F      G
               +---------+---------+-------+---------+---------+-------+---------
         Total |       0 |      51 |   0.0 |       0 |      29 |   0.0 |  1274
               +---------+---------+-------+---------+---------+-------+---------
           D:1 |       0 |      49 |   0.0 |       0 |      27 |   0.0 |  1215
           D:2 |       0 |       2 |   0.0 |       0 |       2 |   0.0 |    59
               +---------+---------+-------+---------+---------+-------+---------
